 Dungeon Crawl Stone Soup version 0.17-a0-2055-gb4e23be (webtiles) character file.

4902 jalm the Impaler (level 10, -2/114 HPs)
             Began as a Merfolk Gladiator on Oct 11, 2015.
             Was a Priest of Trog.
             Slain by a catoblepas (4 damage)
             ... on level 8 of the Dungeon.
             The game lasted 00:38:26 (7623 turns).

jalm the Impaler (Merfolk Gladiator)                Turns: 7623, Time: 00:38:26

Health: -2/114     AC: 11    Str: 23    XL:     10   Next: 51%
Magic:  10/10      EV:  2    Int:  7    God:    Trog [***...]
Gold:   337        SH:  0    Dex: 16    Spells: 0 memorised, 9 levels left

rFire  . . .     SeeInvis .     a - +0 trident
rCold  . . .     Clarity  .     x - +0 scale mail
rNeg   + + +     SustAt   .     w - +0 buckler
rPois  ∞         Gourm    .     c - +0 helmet
rElec  .         Spirit   .     N - +1 cloak
rCorr  .         Warding  .     I - +0 pair of gloves
rMut   .         Stasis   .     p - +0 pair of boots
MR     .....                    (no amulet)
Stlth  ..........               u - +4 ring of evasion
                                (no ring)

@: berserking (expiring), petrified, not resistant to hostile enchantments,
extremely unstealthy
A: change form in water, swift swim
a: Burn Spellbooks, Berserk, Trog's Hand, Renounce Religion


You were on level 8 of the Dungeon.
You worshipped Trog.
Trog was most pleased with you.
You were hungry.

You visited 1 branch of the dungeon, and saw 8 of its levels.
You also visited: Ossuary.

You collected 337 gold pieces.

Inventory:

Hand Weapons
 a - a +0 trident (weapon)
 d - a +1 whip of electrocution
 O - a +0 spear
Missiles
 G - 7 tomahawks (quivered)
 P - a throwing net
Armour
 b - a +0 leather armour
 c - a +0 helmet (worn)
 p - a +0 pair of boots (worn)
 w - a +0 buckler (worn)
 x - a +0 scale mail (worn)
 I - a +0 pair of gloves (worn)
 N - a +1 cloak (worn)
Jewellery
 s - an uncursed ring of sustain attributes
 u - a +4 ring of evasion (right hand)
 J - an uncursed amulet of stasis
 K - an uncursed amulet of resist mutation {unknown}
 M - an uncursed ring of wizardry {unknown}
 R - an uncursed amulet of clarity {unknown}
Wands
 y - a wand of fireball (4)
Scrolls
 f - 6 scrolls of remove curse
 h - a scroll of magic mapping {unknown}
 i - 2 scrolls of blinking {unknown}
 l - 9 scrolls of identify
 n - 3 scrolls of teleportation {unknown}
 C - a scroll of brand weapon {unknown}
 D - a scroll of vulnerability {unknown}
 F - 2 scrolls of immolation {unknown}
 H - a scroll of summoning {unknown}
 Q - a scroll of noise {unknown}
Potions
 j - 4 potions of lignification {unknown}
 k - 4 potions of curing {unknown}
 o - a potion of might {unknown}
 q - a potion of cancellation {unknown}
 r - a potion of flight {unknown}
 t - a potion of poison {unknown}
 v - 2 potions of resistance {unknown}
 z - a potion of degeneration {unknown}
 A - 3 potions of brilliance {unknown}
 E - a potion of agility {unknown}
Comestibles
 e - 4 bread rations
 g - 4 meat rations
 m - 2 fruits
 B - a royal jelly
 L - a beef jerky
 S - a chunk of flesh


   Skills:
 - Level 6.0 Fighting
 * Level 17.3 Polearms
 - Level 2.0 Throwing
 - Level 1.0 Armour
 - Level 5.0 Dodging
 - Level 5.2 Shields


You had 9 spell levels left.
You didn't know any spells.

Dungeon Overview and Level Annotations

Branches:
Dungeon (8/15)             Temple (0/1) D:4
   Lair: D:8-11

Altars:
Cheibriados
Makhleb
Nemelex Xobeh
Ru
Trog
Vehumet
The Shining One

Shops:
D:7 =

Annotations:
D:4 soloincognito's ghost, amateur FoFi


Message History

You hit the catoblepas.
The catoblepas is almost dead.
You are engulfed in calcifying dust.
The catoblepas breathes a plume of calcifying dust at you.
The blast of calcifying dust hits you!
* * * LOW HITPOINT WARNING * * *
You completely miss the catoblepas.
The catoblepas is severely wounded.
You are engulfed in calcifying dust.
You are slowing down.
You are too berserk!
You are too berserk!
You puncture the catoblepas!
The catoblepas is almost dead.
You are engulfed in calcifying dust.
Your limbs have turned to stone.
The catoblepas gores you!
* * * LOW HITPOINT WARNING * * *
You have turned to stone.
The catoblepas gores you!
You die...

#...# #..#...#..#..#...##.#.....
...... #.........#...............
......###......)###.............#
..###......###).....###..........
... ...... #........# ..........
#.. #..#. #(.#).#..# .#........
##### #..#######..#######........
# #..#..#..#..#..#..#..#........
#........#§§§@Y...#........#.#
..###......###...†..###.........#
...... ##.......###(.....###.....
.... #.........#........#.....#
#..# #..#.).#..#[.#..#..#..#..#
##..#######.⌠.#######..#######..#
.#..#.)#..#.|.#..#(.#..#..#..#...
.......#.........#........#......
......###.......###..)...###.....


You could see a catoblepas.

Vanquished Creatures
  Pikel (D:5)
  Joseph (D:7)
  The ghost of ProzacElf the Carver, a novice HESk of Okawaru (D:6)
  A hippogriff (D:7)
  A water moccasin (D:6)
  An orc warrior (D:8)
  A sky beast (D:8)
  A centaur (D:8)
  An ogre (D:4)
  A necrophage (D:8)
  A phantom (D:8)
  2 ice beasts
  11 big kobolds (D:8)
  3 elf zombies (Ossuary)
  2 giant frogs
  2 elf skeletons (D:5)
  A killer bee (D:8)
  A water moccasin skeleton (D:8)
  5 wights (D:8)
  2 scorpions
  4 crimson imps
  3 human zombies (Ossuary)
  A hound (D:6)
  A jelly (D:8)
  3 orc wizards
  A centaur skeleton (D:8)
  7 centaur zombies
  2 orc priests (D:5)
  A gnoll shaman (D:5)
  3 human skeletons (D:5)
  3 iguanas
  5 worker ants
  A hound zombie (D:5)
  3 mummies (Ossuary)
  7 gnolls
  15 adders
  A shadow imp (D:7)
  4 oozes
  An adder zombie (D:8)
  An adder skeleton (D:4)
  5 worms
  4 giant geckos
  20 orcs
  3 bats
  A giant cockroach (D:4)
  5 goblins
  6 hobgoblins
  3 jackals
  A quokka (D:4)
  3 ball pythons
  3 giant newts
  A jackal skeleton (D:4)
  2 jackal zombies
  16 kobolds
  An orc skeleton (D:5)
  8 rats
189 creatures vanquished.

Vanquished Creatures (others)
  4 gnolls (D:5)
4 creatures vanquished.

Grand Total: 193 creatures vanquished

Notes
Turn   | Place    | Note
--------------------------------------------------------------
     0 | D:1      | jalm the Merfolk Gladiator began the quest for the Orb.
     0 | D:1      | Reached XP level 1. HP: 16/16 MP: 1/1
   113 | D:1      | Reached skill level 5 in Polearms
   114 | D:1      | Reached XP level 2. HP: 15/22 MP: 2/2
   603 | D:2      | Reached XP level 3. HP: 25/27 MP: 3/3
   606 | D:2      | Reached skill level 6 in Polearms
   671 | D:2      | Upgraded the game from 0.17-a0-2028-g5c22979 to 0.17-a0-2055-gb4e23be
  1127 | D:2      | Reached XP level 4. HP: 15/33 MP: 4/4
  1149 | D:2      | Noticed a moth of wrath
  1152 | D:2      | Found a bloodstained altar of Trog.
  1161 | D:2      | Reached skill level 7 in Polearms
  1208 | D:2      | Became a worshipper of Trog the Wrathful
  1492 | D:3      | Found a glowing golden altar of the Shining One.
  1684 | D:3      | Reached XP level 5. HP: 18/39 MP: 5/5
  2201 | D:4      | Reached skill level 8 in Polearms
  2205 | D:4      | Acquired Trog's first power
  2227 | D:4      | Noticed soloincognito's ghost (amateur FoFi)
  2489 | D:4      | Reached skill level 1 in Armour
  2529 | D:4      | Noticed an ogre
  2547 | D:4      | Killed an ogre
  2547 | D:4      | Reached skill level 1 in Shields
  2547 | D:4      | Reached XP level 6. HP: 20/47 MP: 6/6
  2591 | D:4      | Found a sparkling altar of Nemelex Xobeh.
  2679 | D:4      | Found a staircase to the Ecumenical Temple.
  2812 | D:4      | Reached skill level 9 in Polearms
  3291 | D:5      | Entered Level 5 of the Dungeon
  3354 | D:5      | Reached XP level 7. HP: 32/52 MP: 7/7
  3432 | D:5      | Found a sand-covered staircase.
  3447 | Ossuary  | Entered an ossuary
  3462 | Ossuary  | Reached skill level 10 in Polearms
  3614 | Ossuary  | Reached skill level 11 in Polearms
  3780 | Ossuary  | Reached XP level 8. HP: 54/58 MP: 8/8
  3880 | D:5      | Reached skill level 12 in Polearms
  3964 | D:5      | Noticed Pikel
  3999 | D:5      | Killed Pikel
  3999 | D:5      | Reached skill level 13 in Polearms
  3999 | D:5      | Reached skill level 5 in Shields
  4087 | D:5      | Reached XP level 9. HP: 46/63 MP: 9/9
  4370 | D:5      | Found a burning altar of Makhleb.
  4463 | D:5      | Acquired Trog's second power
  4620 | D:6      | Noticed ProzacElf's ghost (novice HESk)
  5008 | D:6      | Killed ProzacElf's ghost
  5183 | D:6      | Found a sparkling altar of Nemelex Xobeh.
  5235 | D:6      | Reached skill level 5 in Dodging
  5237 | D:6      | Found a sacrificial altar of Ru.
  5240 | D:6      | Found a snail-covered altar of Cheibriados.
  5247 | D:6      | Found a radiant altar of Vehumet.
  5827 | D:7      | Reached skill level 14 in Polearms
  6193 | D:7      | Found Koemoutt's Jewellery Boutique.
  6516 | D:7      | Noticed Joseph
  6534 | D:7      | Killed Joseph
  6534 | D:7      | Reached skill level 5 in Fighting
  6672 | D:8      | Reached skill level 15 in Polearms
  6816 | D:8      | Found a glowing golden altar of the Shining One.
  6957 | D:8      | Reached XP level 10. HP: 76/76 MP: 10/10
  7126 | D:8      | Reached skill level 16 in Polearms
  7426 | D:8      | Reached skill level 17 in Polearms
  7521 | D:8      | Noticed a catoblepas
  7622 | D:8      | HP: 2/114 [catoblepas (8)]
  7623 | D:8      | Slain by a catoblepas

Vault maps used:
D:1:      dpeg_arrival_lava_temple_mockup, roderic_roman_lattice,
          minmay_misc_feat_columns
D:2:      tgw_trog
D:3:      minmay_misc_feat_cross, tso_metal_star
D:4:      lemuel_crystal_altar, temple_doors_e, minmay_ruptured
D:5:      overflow_temple_1_default, first_bread,
          nicolae_ossuary_entry_catacombs, kennysheep_generic_room_14,
          uniq_pikel
D:6:      grunt_temple_overflow_open, minmay_misc_feat_four_crosses,
          serial_bayou_pond_d, corexii_hall_statues_x,
          nemelex_xobeh_ov_fountains_minmay
D:7:      serial_shops, shop_statue, uniq_joseph
D:8:      hangedman_cross_cluster, lemuel_round_altar, special_room, the_bakery
Ossuary:  ossuary_minmay_four_chambers

Action                   |  1- 3 |  4- 6 |  7- 9 | 10-12 || total
-------------------------+-------+-------+-------+-------++-------
Melee: Trident           |    90 |   196 |   539 |   272 ||  1097
Throw: Throwing net      |     1 |     7 |     3 |       ||    11
       Tomahawk          |       |       |    51 |    14 ||    65
Invok: Berserk           |       |       |     2 |     1 ||     3
       Trog's Hand       |       |       |       |     1 ||     1
  Use: Scroll            |       |     1 |     1 |       ||     2
 Stab: Sleeping          |     2 |     1 |       |       ||     3
       Held in net/web   |       |     2 |     3 |       ||     5
  Eat: Chunk             |     1 |     6 |     9 |     3 ||    19
       Meat ration       |       |       |     1 |       ||     1
